 Dungeon Crawl Stone Soup version 0.14-a0-2679-gcb94c3d (webtiles) character file.

189 RedPan the Slasher (level 4, 0/33 HPs)
             Began as a Demonspawn Gladiator on Feb 17, 2014.
             Succumbed to an adder's poison
             ... on Level 2 of the Dungeon.
             The game lasted 00:04:09 (2464 turns).

RedPan the Slasher (Demonspawn Gladiator)           Turns: 2464, Time: 00:04:09

HP   0/33        AC  5     Str 15      XL: 4   Next: 72%
MP   4/4         EV 12     Int 11      God:
Gold 71          SH  0     Dex 13      Spells:  0 memorised,  3 levels left

rFire  . . .     SeeInvis .     a - +0 falchion
rCold  . . .     Clarity  .     b - +0 leather armour
rNeg   . . .     Conserve .     (no shield)
rPois  .         rCorr    .     l - +0 dwarf helmet
rElec  .         rRot     .     (no cloak)
SustAb . .       Spirit   .     (no gloves)
rMut   .         Warding  .     (no boots)
Saprov . . .     Stasis   .     (no amulet)
MR     .....                    (no ring)
                                (no ring)

@: mildly poisoned, hasted, very quick, not resistant to hostile enchantments,
very unstealthy
A: icy blue scales 1, powered by pain 1
a: no special abilities


You were on level 2 of the Dungeon.
You were hungry.

You visited 1 branch of the dungeon, and saw 2 of its levels.

You collected 71 gold pieces.

Inventory:

Hand weapons
 a - a +0,+0 falchion (weapon)
Missiles
 d - 3 throwing nets (quivered)
Armour
 b - a +0 leather armour (worn)
 l - a +0 dwarven helmet (worn)
Comestibles
 c - a meat ration
 f - 2 bread rations
 g - an apple
 m - a pear
Scrolls
 e - 2 scrolls of fog {unknown}
 h - 3 scrolls of identify {unknown}
 i - 2 scrolls of magic mapping {unknown}
 k - a scroll of remove curse {unknown}
 r - a scroll of enchant armour {unknown}
Potions
 n - a potion of agility {unknown}
 o - a potion of curing {unknown}
 s - a potion of flight {unknown}
 t - a potion of brilliance {unknown}


   Skills:
 - Level 2.0 Fighting
 + Level 5.0 Long Blades
 - Level 1.7 Throwing
 - Level 2.6 Dodging


You had 3 spell levels left.
You didn't know any spells.

Dungeon Overview and Level Annotations

Branches:
Dungeon (2/16)

Altars:


Innate Abilities, Weirdness & Mutations

You are partially covered in icy blue scales (AC +1).
You sometimes gain a little power by taking damage.


Message History

You miss the adder.
The adder is severely wounded.
The adder bites you.
* * * LOW HITPOINT WARNING * * *
You are poisoned.
The adder poisons you! The adder barely misses you.
You hit the adder but do no damage.
The adder is severely wounded.
The adder barely misses you.
You barely miss the adder.
The adder is severely wounded.
The adder bites you.
* * * LOW HITPOINT WARNING * * *
The adder barely misses you.
You slash the adder!
You kill the adder!
Your Long Blades skill increases to level 5!
Drink which item? (? for menu, Esc to quit)
You feel yourself speed up.
It was a potion of speed.
You die...

.##.##.##.# #S#####..........
###.##.##.# #.# ########.##
....##....# #.# #.# ###.#####.#
#.# #.# # #.#####.# #.# ##'##
#.......# ##.##### ##...# #
#######.# ##.#....# ##..... ##
##.##.# #.###)..# ##......
.####...#.######@#.)..####.......
.'...)......)............'.......
.####...#.#########...####.......
## ##......# ##.## ##...... #
#.##<#.# ##.# ##..... #.##.#.#
##..# ##...# #.##.#.# #...# ##+##
#.##.#.# ##.## #.## #.##.#.## #.#
######.#.


There were no monsters in sight!

Vanquished Creatures
  3 gnolls (D:2)
  3 adders (D:2)
  2 worms (D:2)
  7 giant cockroaches
  4 goblins
  6 hobgoblins
  2 jackals (D:2)
  A quokka (D:2)
  4 bats
  2 giant geckos (D:2)
  2 giant newts
  9 kobolds
  6 rats
51 creatures vanquished.

Notes
Turn   | Place    | Note
--------------------------------------------------------------
     0 | D:1      | RedPan, the Demonspawn Gladiator, began the quest for the Orb.
     0 | D:1      | Reached XP level 1. HP: 16/16 MP: 1/1
    76 | D:1      | Reached skill level 3 in Long Blades
   150 | D:1      | Gained mutation: You sometimes gain a little power by taking damage. [demonic ancestry]
   150 | D:1      | Reached XP level 2. HP: 16/22 MP: 2/2
   811 | D:2      | Reached XP level 3. HP: 18/27 MP: 3/3
  1139 | D:2      | Reached skill level 4 in Long Blades
  1844 | D:2      | Gained mutation: You are partially covered in icy blue scales (AC +1). [demonic ancestry]
  1844 | D:2      | Reached XP level 4. HP: 24/33 MP: 4/4
  2462 | D:2      | HP: 1/33 [adder (1)]
  2463 | D:2      | Reached skill level 5 in Long Blades
  2464 | D:2      | Succumbed to an adder's poison

Action                   |  1- 3 |  4- 6 || total
-------------------------+-------+-------++-------
Melee: Falchion          |   146 |    73 ||   219
  Use: Potion            |       |     1 ||     1
 Stab: Distracted        |       |     1 ||     1
